 Dungeon Crawl Stone Soup version 0.31-a0-18-gea43df2a32 (webtiles) character file.

Game seed: 6783985701944112064

701 bande the Chopper (level 7, -9/44 HPs)
             Began as a Gargoyle Fighter on May 11, 2023.
             Mangled by an ogre
             ... wielding a +0 giant club
              (24 damage)
             ... on level 5 of the Dungeon.
             The game lasted 00:05:55 (4040 turns).

bande the Chopper (Gargoyle Fighter)                Turns: 4040, Time: 00:05:56

Health: -9/44      AC: 17    Str: 20    XL:     7   Next: 66%
Magic:  7/7        EV:  7    Int:  8    God:
Gold:   185        SH:  5    Dex: 11    Spells: 6/6 levels left

rFire   . . .        a - +0 war axe
rCold   . . .        c - +0 buckler
rNeg    + + .        p - +0 chain mail
rPois   ∞            n - +1 helmet "Damnable Contraption" {rN+}
rElec   +            h - +0 cloak {rCorr}
rCorr   +            (no gloves)
SInv    .            (no boots)
Will    .....        (no amulet) Stlth
                     (no ring)
HPRegen 0.27/turn    (no ring)
MPRegen 0.10/turn

%: no passive effects
@: mighty
A: sickness immunity, AC +4, negative energy resistance 1, electricity
resistance, torment resistance 1, petrification resistance
a: no special abilities


You were on level 5 of the Dungeon.
You visited 1 branch of the dungeon, and saw 5 of its levels.

You collected 185 gold pieces.

Inventory:

Hand Weapons
 a - a +0 war axe (weapon)
 u - a +0 flail
Missiles
 f - a throwing net (quivered)
Armour
 c - a +0 buckler (worn)
 h - a +0 cloak of preservation (worn)
 k - an orb of light
 n - the +1 helmet "Damnable Contraption" (worn) {rN+}
   (You took it off Robin on level 2 of the Dungeon)

   rN:        It protects you from negative energy.
 p - a +0 chain mail (worn)
Wands
 m - a wand of digging (4)
 o - a wand of flame (9)
Scrolls
 b - a scroll of identify
 l - a scroll of teleportation
Potions
 e - a potion of heal wounds {unknown}
 g - a potion of resistance {unknown}
 i - a potion of mutation {unknown}
 j - 3 potions of curing
 q - 2 potions of haste {unknown}
 v - 3 potions of degeneration {unknown}


   Skills:
 + Level 4.7 Fighting
 + Level 5.1 Axes
 + Level 4.6 Armour
 - Level 0.2 Stealth
 + Level 4.4 Shields
 * Level 2.7 Evocations


You had 6 spell levels left.
You didn't know any spells.
Your spell library contained the following spells:

 Spells                   Type           Power      Damage    Failure   Level
 Apportation              Tloc           0%         N/A       98%         1
 Necrotise                Necr           0%         1d4       98%         1
 Summon Small Mammal      Summ           0%         N/A       98%         1
 Ensorcelled Hibernation  Hex/Ice        0%         N/A       99%         2
 Poisonous Vapours        Pois/Air       0%         N/A       99%         2
 Mephitic Cloud           Conj/Pois/Air  0%         N/A       100%        3
 Ozocubu's Armour         Ice            0%         N/A       100%        3
 Blade Hands              Tmut           0%         N/A       100%        5
 Freezing Cloud           Conj/Ice/Air   0%         6-21      100%        5


Dungeon Overview and Level Annotations

Branches:
Dungeon (5/15)
 Temple: D:4-7

Altars:
Kikubaaqudgha
Makhleb
Nemelex Xobeh

Shops:
D:1 [   D:5 [


Innate Abilities, Weirdness & Mutations

You are immune to sickness and miasma.
Your stone body is resilient. (AC +4)
You are immune to poison.
You resist negative energy. (rN+)
You are resistant to electric shocks. (rElec)
You are resistant to unholy torment.
You are immune to petrification.


Message History

The iguana bites you.
* * * LOW HITPOINT WARNING * * *
You barely miss the iguana.
The iguana bites you but does no damage.
You hit the iguana.
The iguana is lightly wounded.
The iguana bites you.
* * * LOW HITPOINT WARNING * * *
You hit the iguana.
The iguana is heavily wounded.
The iguana barely misses you.
You slash the iguana!
You kill the iguana!
Your Axes skill increases to level 5!
Things that are here:
an iguana corpse; a black bear corpse You start resting.
A black bear comes into view.
A black bear is nearby!
A black bear is nearby!
Things that are here:
an iguana corpse; a black bear corpse You feel very mighty all of a sudden.
The black bear bites you but does no damage.
The black bear claws you but does no damage. x2
You slice the black bear!!
The black bear is almost dead.
An ogre comes into view. It is wielding a +0 giant club.
The black bear goes berserk!
You slash the black bear!
You kill the black bear!
Found a knobbly moonstone ring.
You slash the ogre!
The ogre is moderately wounded.
The ogre hits you with a +0 giant club!
You barely miss the ogre.
The ogre is moderately wounded.
The ogre hits you with a +0 giant club!!
Ouch! That really hurt!
You die...

#.##.##...####.#
#.#...#...#
#.##.##...#
#.#######... #.#
.### #.# .#
#.#######?#
#....†....###..#
##.#.#..@O.....=
#.#.#.######..#
#.#.>.# #.###.#
..# #.# ### #.#
..# #.#


You could see an ogre.

Vanquished Creatures
  2 black bears (D:5)
  3 vampire bats (D:3)
  A hound (D:5)
  A jelly (D:5)
  Jessica (D:2)
  An iguana (D:5)
  Terence (D:2)
  Natasha (thrice) (D:3)
  Robin (D:2)
  4 adders
  4 gnolls (D:4)
  An ufetubus (D:5)
  2 worms
  4 dart slugs
  4 bat skeletons (D:3)
  2 bat zombies (D:3)
  6 endoplasms
  5 giant cockroaches
  16 goblins
  10 hobgoblins
  4 jackals (D:2)
  4 quokkas
  2 ball pythons
  4 bats
  2 frilled lizards
  2 kobolds
  8 rats
98 creatures vanquished.

Notes
Turn   | Place    | Note
-------+----------+-------------------------------------------
     0 | D:1      | bande the Gargoyle Fighter began the quest for the Orb.
     0 | D:1      | Reached XP level 1. HP: 14/14 MP: 1/1
    80 | D:1      | Reached XP level 2. HP: 19/19 MP: 2/2
   120 | D:1      | Reached skill level 2 in Axes
   438 | D:1      | Found Gino Gopt's Armour Shoppe.
   555 | D:1      | Reached XP level 3. HP: 23/23 MP: 3/3
   871 | D:2      | Identified the +1 helmet "Damnable Contraption" {rN+}
   871 | D:2      | Noticed Robin
   898 | D:2      | Killed Robin
   990 | D:2      | Noticed Jessica
   994 | D:2      | Reached XP level 4. HP: 21/29 MP: 4/4
  1003 | D:2      | Killed Jessica
  1004 | D:2      | Reached skill level 3 in Axes
  1356 | D:2      | Reached skill level 1 in Evocations
  1356 | D:2      | Reached XP level 5. HP: 33/33 MP: 5/5
  1474 | D:2      | Got the Monograph on the Frozen Switch
  1491 | D:2      | Noticed Terence
  1506 | D:2      | Killed Terence
  2186 | D:3      | Found an ancient bone altar of Kikubaaqudgha.
  2189 | D:3      | Reached XP level 6. HP: 38/38 MP: 6/6
  2194 | D:3      | Reached skill level 4 in Axes
  2350 | D:3      | Found a burning altar of Makhleb.
  2408 | D:3      | Noticed Natasha
  2419 | D:3      | Killed Natasha
  2553 | D:3      | Noticed Natasha
  2562 | D:3      | Killed Natasha
  2875 | D:3      | Found a faded altar of an unknown god.
  2902 | D:3      | Noticed Natasha
  2907 | D:3      | Killed Natasha
  3372 | D:4      | Found a sparkling altar of Nemelex Xobeh.
  3772 | D:5      | Entered Level 5 of the Dungeon
  3807 | D:5      | Reached XP level 7. HP: 43/44 MP: 7/7
  3938 | D:5      | Found Piliwo's Armour Boutique.
  3989 | D:5      | Reached skill level 5 in Axes
  4040 | D:5      | Mangled by an ogre

Illustrated notes

Levels and vault maps discovered:
D:1:      zaba_arrival_water, layout_loops_corners, serial_shops,
          nicolae_shop_peninsula
D:2:      layout_basic, kennysheep_generic_room_4, uniq_jessica, uniq_robin,
          uniq_terence
D:3:      layout_loops_ring, kennysheep_vampire_church, lightli_temple_of_fire,
          hellmonk_ecumenical_altar_leap_of_faith, kennysheep_generic_room_6,
          uniq_natasha
D:4:      layout_gridville, old_standard_altar
D:5:      layout_loops_ring, mainiacjoe_overflow_catwalk, serial_shops,
          nicolae_shop_trees, uniq_duvessa

Skill      XL: |  1  2  3  4  5  6  7 |
---------------+----------------------+-----
Axes           | 2 3 4 5 |  5.1
Evocations     | 1 2 |  2.7
Shields        | 4 |  4.4
Fighting       | 4 |  4.7
Armour         | 4 |  4.6
Stealth        | |  0.2

Action                     |  1- 3 |  4- 6 |  7- 9 || total
---------------------------+-------+-------+-------++-------
  Melee: War axe           |    93 |   194 |    27 ||   314
    Use: Scroll            |       |     7 |       ||     7
         Potion            |       |       |     2 ||     2
 Armour: Scale mail        |    67 |    51 |       ||   118
         Chain mail        |       |   121 |    34 ||   155
  Dodge: Dodged            |    40 |    91 |    19 ||   150
  Block: Buckler           |    24 |    57 |     7 ||    88

Table legend: (Time is in decaauts)
 A = Elapsed time spent in this place.
 B = Non-inter-level travel time spent in this place.
 C = Inter-level travel time spent in this place.
 D = Time resting spent in this place.
 E = Time spent auto-exploring this place.
 F = Levels seen in this place.
 G = Mean time per level.
                   A        B        C        D        E       F      G
               +--------+--------+--------+--------+--------+-----+--------+
         Total |   4166 |   3884 |    282 |    566 |   2495 |   5 |  833.2 |
       Dungeon |   4166 |   3884 |    282 |    566 |   2495 |   5 |  833.2 |
               +--------+--------+--------+--------+--------+-----+--------+

Top non-repeatable levels by time:
     D:3: 1380 daAuts
     D:2: 930 daAuts
     D:1: 893 daAuts
     D:4: 682 daAuts
     D:5: 279 daAuts
